[Event "Late-Titled-Tuesday-Blitz-February-27-2024"]
[Site "Chess.com"]
[Date "2024.02.27"]
[Round "1"]
[White "fviana"]
[Black "LiemLe"]
[Result "0-1"]
[WhiteElo "2516"]
[BlackElo "3054"]
[TimeControl "180+1"]
[EndTime "14:06:33 PST"]
[Termination "LiemLe won by resignation"]

1. e4 c5 2. Nf3 Nc6 3. d4 cxd4 4. Nxd4 e5 5. Nb5 d6 6. N1c3 a6 7. Na3 Be6 8. Nc4 Rb8 9. Ne3 Nf6 10. Ned5 Bxd5 11. exd5 Ne7 12. a4 g6 13. Be2 Bg7 14. O-O O-O 15. a5 Rc8 16. Be3 h5 17. Bb6 Qd7 18. h3 Rfe8 19. Re1 Nf5 20. Bd3 Nd4 21.
Bf1 Nf5 22. Bd3 h4 23. Qf3 Nh5 24. Ne4 Nf4 25. Nc3 Nh6 26. Rad1 f5 27. Bf1 Nf7 28. Be3 Ng5 0-1

[Event "Late-Titled-Tuesday-Blitz-February-27-2024"]
[Site "Chess.com"]
[Date "2024.02.27"]
[Round "1"]
[White "KorolDimitriy75"]
[Black "GoltsevDmitry2000"]
[Result "0-1"]
[WhiteElo "2435"]
[BlackElo "2766"]
[TimeControl "180+1"]
[EndTime "14:06:35 PST"]
[Termination "GoltsevDmitry2000 won on time"]

1. d4 e6 2. c4 b6 3. Nc3 Bb7 4. Qc2 Nf6 5. e4 d6 6. Nf3 Nbd7 7.
Bd3 e5 8. O-O Be7 9. Re1 O-O 10.
h3 a5 11. b3 Re8 12. d5 Nc5 13. Bf1 Nh5 14. Be3 Qd7 15. Nd2 Nf4 16. Kh2 Bc8 17.
a3 g6 18. b4 Na6 19. Qb3 Rf8 20. Rac1 h5 21. Nb5 h4 22. Rc2 Kh7 23. Nf3 g5 24. Bxf4 gxf4 25. Ng1 Rg8 26. Be2 f5 27. exf5 Qxf5 28. Bd3 axb4 29. axb4 Kh6 30. Bxf5 Bxf5 31.
Ra2 Bf6 32. f3 Rg3 33. Rea1 Rag8 0-1

[Event "Late-Titled-Tuesday-Blitz-February-27-2024"]
[Site "Chess.com"]
[Date "2024.02.27"]
[Round "1"]
[White "Jenia84"]
[Black "Unkreativ3"]
[Result "0-1"]
[WhiteElo "2306"]
[BlackElo "2624"]
[TimeControl "180+1"]
[EndTime "14:06:38 PST"]
[Termination "Unkreativ3 won by resignation"]

1. Nf3 Nc6 2. g3 d5 3. Bg2 g6 4. O-O Bg7 5. d4 Nf6 6. b3 O-O 7. Bb2 Bf5 8. Nbd2 Nb4 9. c3 Na6 10. Nh4 c6 11. Nxf5 gxf5 12. Qc2 Ne4 13. f3 Nd6 14. e4 e6 15. e5 Nc8 16. f4 Nc7 17.
h3 f6 18. Nf3 fxe5 19. Nxe5 Nd6 20. Rae1 Bxe5 21. fxe5 Ne4 22. Bxe4 dxe4 23. Qd2 Qe7 24. Qh6 Qg7 25. Qxg7+ Kxg7 26. Kf2 b5 27. Ke2 a5 28. Ba3 b4 29. Bb2 bxc3 30. Bxc3 Nd5 31. Rc1 a4 32. b4 a3 33. Bd2 Ra6 34. Rc4 Rb8 35. Rfc1 Rbb6 36. Be1 Kf7 37. Bd2 Ke8 38. Rc5 Kd7 39.
g4 Nxb4 40. gxf5 Nd3 41. f6 Nxc1+ 42. Rxc1 Rb2 43. Ke3 Rxa2 44. f7 Ra8 45. Bb4 Rh2 46. f8=Q Rxf8 47. Bxf8 Rxh3+ 48. Kxe4 a2 49. Ra1 Rh2 50. Bc5 h5 51. Kf4 h4 52. Kg4 Kc7 53.
Bb4 Kb7 54. Bd2 Rxd2 55. Kxh4 Ka6 56. Kg5 Rf2 57. Rc1 Kb5 0-1

[Event "Late-Titled-Tuesday-Blitz-February-27-2024"]
[Site "Chess.com"]
[Date "2024.02.27"]
[Round "1"]
[White "DefiantChair"]
[Black "TheKingDoctor"]
[Result "1-0"]
[WhiteElo "2651"]
[BlackElo "2356"]
[TimeControl "180+1"]
[EndTime "14:06:40 PST"]
[Termination "DefiantChair won by resignation"]

1. e4 e5 2. Nf3 Nc6 3. Bb5 Nd4 4. Nxd4 exd4 5. d3 c6 6. Bc4 d5 7. exd5 cxd5 8. Bb5+ Bd7 9. Bxd7+ Qxd7 10. O-O Nf6 11.
Re1+ Be7 12. Nd2 O-O 13. Nb3 Bb4 14. Bd2 Qa4 15. Bxb4 Qxb4 16. a3 Qb6 17. Qd2 a5 18. a4 Rfc8 19. Re2 h6 20. Rd1 Rc6 21. Qf4 Rac8 22.
Qxd4 Qc7 23. c3 Rb6 24. Nxa5 Ra6 25. Nb3 Rca8 26. a5 b6 27. axb6 Rxb6 28. Nc5 Ra2 29. h3 Raxb2 30. Rxb2 Rxb2 31. Qe3 Rc2 32. d4 Ne4 33.
Nxe4 dxe4 34. Qxe4 Rxc3 35. d5 Qd7 36. d6 Rc6 37.
Qe7 Rc7 38. dxc7 Qxd1+ 39. Kh2 Qd2 40. Qd8+ Kh7 41. Qxd2 1-0

[Event "Late-Titled-Tuesday-Blitz-February-27-2024"]
[Site "Chess.com"]
[Date "2024.02.27"]
[Round "1"]
[White "NoHeThTo"]
[Black "NCchamp"]
[Result "1-0"]
[WhiteElo "2633"]
[BlackElo "2335"]
[TimeControl "180+1"]
[EndTime "14:06:42 PST"]
[Termination "NoHeThTo won by checkmate"]

1. c4 c6 2. e3 d5 3. Nf3 Bg4 4. h3 Bxf3 5. Qxf3 Nf6 6. b3 Nbd7 7. Bb2 e6 8. Bd3 Be7 9. Bc2 a5 10. Nc3 O-O 11. O-O dxc4 12. bxc4 Ne5 13. Qe2 Qc7 14. f4 Ng6 15. Ne4 Nxe4 16. Bxe4 Bc5 17. d4 Be7 18. g3 Rfd8 19. Rad1 a4 20. h4 Qa5 21. f5 exf5 22.
Rxf5 Qc7 23. Qf3 Bd6 24. h5 Nf8 25. Rf1 Rd7 26. Kg2 c5 27. dxc5 Bxc5 28. Rg5 Ne6 29. Rd5 Rad8 30. Qg4 g6 31. hxg6 hxg6 32. Bxg6 fxg6 33.
Qxe6+ Rf7 34. Rxd8+ Qxd8 35. Qxf7# 1-0

[Event "Late-Titled-Tuesday-Blitz-February-27-2024"]
[Site "Chess.com"]
[Date "2024.02.27"]
[Round "1"]
[White "GM4life"]
[Black "AlexeiShirov"]
[Result "0-1"]
[WhiteElo "2473"]
[BlackElo "2873"]
[TimeControl "180+1"]
[EndTime "14:06:43 PST"]
[Termination "AlexeiShirov won by resignation"]

1. e4 e5 2. Nf3 Nc6 3. Bb5 a6 4. Ba4 Nf6 5. O-O b5 6. Bb3 Bc5 7. c3 d6 8. a4 Rb8 9. d4 Bb6 10. a5 Ba7 11. Be3 Bg4 12. dxe5 Bxf3 13. Qxf3 Nxe5 14. Qe2 Bxe3 15. Qxe3 O-O 16. Nd2 Re8 17.
h3 c5 18. Bc2 Nc4 19. Nxc4 bxc4 20. Ra2 Rb5 21. Rfa1 d5 22. Qf4 Qb8 23. Qh4 Rxb2 24.
e5 Rxe5 25. Rxb2 Qxb2 26. Rb1 Qxc2 27. Rb8+ Re8 28. Rxe8+ Nxe8 29. Qe7 Qe4 30. Qxc5 h5 31. Qc8 Qe6 32. Qd8 Kh7 33. Kh2 Nf6 34. Qb6 Qxb6 35.
axb6 0-1

[Event "Late-Titled-Tuesday-Blitz-February-27-2024"]
[Site "Chess.com"]
[Date "2024.02.27"]
[Round "1"]
[White "WilsonPalencia21"]
[Black "campochess"]
[Result "1-0"]
[WhiteElo "2575"]
[BlackElo "2197"]
[TimeControl "180+1"]
[EndTime "14:06:43 PST"]
[Termination "WilsonPalencia21 won by resignation"]

1. d4 c5 2. d5 Nf6 3. c4 b5 4. cxb5 a6 5. bxa6 Bxa6 6. Nc3 g6 7. e4 Bxf1 8. Kxf1 d6 9. g3 Bg7 10. Kg2 O-O 11. Nf3 Nbd7 12. a4 Qb6 13. Qc2 Rfb8 14. Ra3 Ng4 15. Nb5 Qb7 16. h3 Nge5 17. Nxe5 Nxe5 18. h4 f5 19. h5 Rf8 20. hxg6 hxg6 21. Bf4 Nd7 22. Re1 Nb6 23. exf5 Qxd5+ 24. Qe4 Rxf5 25. Nc7 Qxe4+ 26. Rxe4 Ra7 27. Nb5 Rd7 28. a5 Nd5 29. a6 Rf8 30. Bg5 Bxb2 31. Rd3 e5 32.
Rxd5 Bd4 33. Be3 Ra8 34. Rxd6 Rxd6 35. Nxd6 Rxa6 36. Nc4 Ra2 37. Nxe5 1-0

[Event "Late-Titled-Tuesday-Blitz-February-27-2024"]
[Site "Chess.com"]
[Date "2024.02.27"]
[Round "1"]
[White "Adar_07"]
[Black "fidetrainerNET"]
[Result "1-0"]
[WhiteElo "2782"]
[BlackElo "2423"]
[TimeControl "180+1"]
[EndTime "14:06:44 PST"]
[Termination "Adar_07 won on time"]

1. e4 c5 2. Nf3 d5 3. exd5 Nf6 4. c4 e6 5. dxe6 Bxe6 6. d4 cxd4 7. Qxd4 Bb4+ 8.
Bd2 Nc6 9. Qxd8+ Rxd8 10. Nc3 O-O 11. a3 Bc5 12. Be2 Rfe8 13. O-O Bg4 14. Bg5 Nd4 15. Nxd4 Rxd4 16. Bxf6 gxf6 17. Bxg4 Rxg4 18. Nd5 Kg7 19. b4 Bd6 20. c5 Be5 21. Rad1 a5 22. Ne3 Re4 23.
bxa5 Ra4 24. Rd7 Rb8 25. Rb1 Rxa5 26. g3 Rxa3 27. Rbxb7 Rxb7 28. Rxb7 Bd4 29. Nf5+ Kg6 30. Nxd4 Rd3 31. Ne2 Rd2 32. Nf4+ Kf5 33. c6 Rc2 34. Rb5+ Kg4 35. Kg2 f5 36. h3+ Kg5 37. Rb6 h5 38. h4+ 1-0

[Event "Late-Titled-Tuesday-Blitz-February-27-2024"]
[Site "Chess.com"]
[Date "2024.02.27"]
[Round "1"]
[White "ElVital"]
[Black "ArtemDyachuk"]
[Result "0-1"]
[WhiteElo "2384"]
[BlackElo "2679"]
[TimeControl "180+1"]
[EndTime "14:06:44 PST"]
[Termination "ArtemDyachuk won by resignation"]

1. e4 c5 2. Nc3 d6 3. d4 cxd4 4. Qxd4 Nc6 5. Qd3 Nf6 6. Nf3 g6 7. Be2 Bg7 8. O-O O-O 9. Nd5 Nxd5 10. exd5 Bf5 11. Qd1 Ne5 12. Nxe5 Bxe5 13. c3 Rc8 14. Be3 Qa5 15. a4 a6 16. Qb3 Qc7 17. f4 Bf6 18.
Bb6 Qd7 19. h3 Be4 20. Rad1 h5 21. Qb4 Bc2 22. Ra1 Qf5 23. Bd4 Qe4 24. Bxf6 Qxb4 25. cxb4 exf6 26. Rfe1 Rfe8 27. Kf2 Re4 28. Rac1 Rxf4+ 29.
Ke3 Re4+ 30. Kd2 Rd4+ 31. Ke3 Rxb4 32. Kf2 Rxb2 33. g4 Rc5 34. gxh5 gxh5 35. Ke3 Rxd5 36. Bf3 Re5+ 37. Kf4 Rb4+ 0-1

[Event "Late-Titled-Tuesday-Blitz-February-27-2024"]
[Site "Chess.com"]
[Date "2024.02.27"]
[Round "1"]
[White "RantomOpening"]
[Black "MikeSailer"]
[Result "1-0"]
[WhiteElo "2568"]
[BlackElo "2182"]
[TimeControl "180+1"]
[EndTime "14:06:44 PST"]
[Termination "RantomOpening won by checkmate"]

1. c4 e6 2. Nf3 d5 3. e3 c5 4. cxd5 exd5 5. Bb5+ Nc6 6. Nc3 Nf6 7. d4 Bg4 8. Qa4 Bd7 9. Qd1 a6 10. Be2 c4 11. Ne5 Be6 12. f4 Be7 13. O-O O-O 14.
Nxc6 bxc6 15. b3 cxb3 16. Qxb3 c5 17. Qa4 cxd4 18. Qxd4 Bf5 19. Bf3 Be4 20. Nxe4 dxe4 21. Qxd8 Rfxd8 22. Be2 Bc5 23. Kf2 Nd5 24. Bd2 Nxf4 25.
Bc3 Nxe2 26. Kxe2 Rd3 27. Bd4 Bxd4 28. exd4 Rxd4 29. Rab1 g6 30. Rb7 f5 31. Rc1 Rad8 32. Rcc7 Rd2+ 33. Ke3 g5 34. Rg7+ Kf8 35. Rxg5 R8d3+ 36.
Kf4 Rf2+ 37. Ke5 e3 38. Rb8+ Kf7 39. Rbg8 e2 40. R5g7# 1-0

[Event "Late-Titled-Tuesday-Blitz-February-27-2024"]
[Site "Chess.com"]
[Date "2024.02.27"]
[Round "1"]
[White "TemploVillamarin"]
[Black "jaskol95"]
[Result "1-0"]
[WhiteElo "2207"]
[BlackElo "2546"]
[TimeControl "180+1"]
[EndTime "14:06:44 PST"]
[Termination "TemploVillamarin won by checkmate"]

1. d4 d5 2. Nc3 Nf6 3. e4 dxe4 4. f3 exf3 5. Nxf3 e6 6. Bd3 Bd6 7. Bg5 b6 8. O-O Bb7 9. Ne4 Be7 10. Nxf6+ Bxf6 11.
Bxf6 Qxf6 12. Ne5 Qg5 13. Bb5+ c6 14. Nxf7 Qe3+ 15. Kh1 O-O 16. Qh5 Nd7 17. Bd3 h6 18. Qg6 Rfe8 19. Qh7+ Kf8 20. Ne5+ Ke7 21. Qxg7+ Kd6 22.
Qxd7# 1-0

[Event "Late-Titled-Tuesday-Blitz-February-27-2024"]
[Site "Chess.com"]
[Date "2024.02.27"]
[Round "1"]
[White "The_Machine04"]
[Black "FuenfgegenWilly"]
[Result "1-0"]
[WhiteElo "2807"]
[BlackElo "2455"]
[TimeControl "180+1"]
[EndTime "14:06:45 PST"]
[Termination "The_Machine04 won by resignation"]

1. d4 d5 2. Nf3 e6 3. e3 Nf6 4. Nbd2 c5 5. c3 c4 6. Qc2 Nc6 7. e4 dxe4 8. Nxe4 Nxe4 9. Qxe4 Na5 10. Ne5 Qd5 11. Qf4 f6 12. Nf3 Bd6 13. Qe3 b5 14. Be2 Bb7 15. O-O Kf7 16. Ne1 Qf5 17. h3 h5 18. Bf3 Bd5 19. Bd2 Nc6 20. a3 g5 21.
Bxd5 exd5 22. Qf3 Qxf3 23. Nxf3 g4 24. Ne1 Rhg8 25. hxg4 hxg4 26. g3 a5 27. Nc2 Rae8 28.
Rae1 Kg6 29. Ne3 Ne7 30. Nxg4 Nf5 31. Kg2 b4 32. axb4 axb4 33. Ne3 Nxe3+ 34. Bxe3 b3 35. Ra1 Ra8 36. Rh1 Rgb8 37. Rh6+ Kf7 38. Rh7+ Ke6 39. Rha7 Rxa7 40. Rxa7 f5 41. Ra6 Kd7 42.
Rxd6+ Kxd6 43. Bf4+ Ke6 44. Bxb8 Kf6 45. Kf3 Kg5 46. Be5 f4 47. Bxf4+ Kf5 48. g4+ 1-0

[Event "Late-Titled-Tuesday-Blitz-February-27-2024"]
[Site "Chess.com"]
[Date "2024.02.27"]
[Round "1"]
[White "lagedema"]
[Black "IMRosen"]
[Result "0-1"]
[WhiteElo "2392"]
[BlackElo "2696"]
[TimeControl "180+1"]
[EndTime "14:06:45 PST"]
[Termination "IMRosen won by checkmate"]

1. d4 d5 2. Bf4 c5 3. e3 Nc6 4. c3 cxd4 5. exd4 f6 6. Bg3 Bf5 7. Nd2 e5 8. dxe5 fxe5 9. Ngf3 e4 10. Nh4 Be6 11. Qh5+ g6 12. Qe2 Be7 13. O-O-O Bxh4 14. Nxe4 Bxg3 15. hxg3 Qe7 16. Nc5 Bf5 17. Rxd5 Qxe2 18. Bxe2 Nge7 19. Rd2 b6 20. Na6 Rc8 21. g4 Be6 22.
Re1 Kf7 23. a3 Rhe8 24. Bb5 Red8 25. Rxd8 Nxd8 26. f3 Nb7 27. Nb4 Nc5 28. Nc2 a6 29. Bf1 Nb3+ 30. Kb1 b5 31. Nb4 Nc5 32. Re5 Bc4 33.
Bxc4+ bxc4 34. Nc2 Nd3 35. Re2 Nd5 36. Nd4 Rb8 37. Ka1 Rb6 38. Rd2 a5 39. b4 Nxc3 40.
Nc2 axb4 41. Nxb4 Nxb4 42. axb4 Rxb4 43. g5 Rb1# 0-1

[Event "Late-Titled-Tuesday-Blitz-February-27-2024"]
[Site "Chess.com"]
[Date "2024.02.27"]
[Round "1"]
[White "Zavgorodniy_Sergiy"]
[Black "Sajkochess"]
[Result "1/2-1/2"]
[WhiteElo "2623"]
[BlackElo "2331"]
[TimeControl "180+1"]
[EndTime "14:06:46 PST"]
[Termination "Game drawn by repetition"]

1. d4 Nf6 2. c4 e6 3. Nf3 Bb4+ 4. Nbd2 b6 5. g3 Bb7 6. Bg2 O-O 7. O-O a5 8. b3 d5 9. Bb2 Nbd7 10. a3 Be7 11. Qc2 c5 12. e3 Rc8 13. Rac1 Qc7 14. Qb1 Qb8 15. Rfd1 Rfd8 16. a4 Qa8 17. cxd5 exd5 18. Qf5 g6 19. Qh3 c4 20. bxc4 dxc4 21. Ne5 Bxg2 22.
Qxg2 Qxg2+ 23. Kxg2 Nxe5 24. dxe5 Ng4 25. Bd4 c3 26. Rxc3 Rxc3 27. Bxc3 Bb4 28. Bxb4 axb4 29. Kf3 Nxe5+ 30. Ke2 Ra8 31. f4 Ng4 32. h3 Nf6 33. Nc4 Rxa4 34. Nxb6 Ra2+ 35. Kf3 Rh2 36. Nd5 Nxd5 37.
Rxd5 b3 38. Rb5 b2 39. e4 Kg7 40. e5 h5 41. h4 Rc2 42. Rb7 Kg8 43. Ke3 Rg2 44. Kf3 Rc2 45. Ke4 Rg2 46. Kf3 Rc2 1/2-1/2

[Event "Late-Titled-Tuesday-Blitz-February-27-2024"]
[Site "Chess.com"]
[Date "2024.02.27"]
[Round "1"]
[White "Capablanca_Oujda_2021"]
[Black "boguszp"]
[Result "1-0"]
[WhiteElo "2534"]
[BlackElo "1999"]
[TimeControl "180+1"]
[EndTime "14:06:46 PST"]
[Termination "Capablanca_Oujda_2021 won by checkmate"]

1. e4 c6 2. d4 d5 3. exd5 cxd5 4. Bd3 Nc6 5. c3 Nf6 6. h3 g6 7. Qc2 Bg7 8. Nf3 O-O 9. O-O Bd7 10. Re1 Rc8 11.
a3 e6 12. Bg5 Qc7 13. Nbd2 Qb6 14.
Nb3 h6 15. Bh4 a5 16. Nc5 Rfd8 17. b4 Be8 18. Ne5 g5 19. Bg3 Nh5 20. Bh2 Qc7 21.
Bh7+ Kh8 22. Ng6+ fxg6 23. Bxc7 Rxc7 24. Bxg6 Nf4 25. Bxe8 Rxe8 26. g3 Nxh3+ 27. Kg2 g4 28. Qg6 Rf8 29. f4 Rxf4 30. Rf1 Rcf7 31. Qxf7 Rxf7 32.
Rxf7 Ng5 33. Rxb7 axb4 34. axb4 e5 35. Ra8+ Kh7 36. Rc8 exd4 37. Rxc6 dxc3 38. Rcc7 c2 39. Rxg7+ Kh8 40. Rgc7 d4 41. Rc8# 1-0

[Event "Late-Titled-Tuesday-Blitz-February-27-2024"]
[Site "Chess.com"]
[Date "2024.02.27"]
[Round "1"]
[White "pfalcon1949"]
[Black "OPQRC"]
[Result "0-1"]
[WhiteElo "1903"]
[BlackElo "2531"]
[TimeControl "180+1"]
[EndTime "14:06:46 PST"]
[Termination "OPQRC won by checkmate"]

1. e4 d6 2. d4 g6 3. Nc3 Bg7 4. f4 Nd7 5. Nf3 c5 6. d5 Ngf6 7. a4 O-O 8. Be2 Qc7 9. O-O a6 10.
Nd2 e6 11. Nc4 e5 12. fxe5 Nxe5 13. Nxe5 dxe5 14. Bg5 Ne8 15. Qd2 Nd6 16. Bh6 Bd7 17. Qg5 Qd8 18. Qe3 Qc7 19. Bxg7 Kxg7 20. Qg5 f6 21.
Qg3 b5 22. h4 b4 23. Nd1 Nxe4 24. Qh2 h6 25. c4 f5 26. Ne3 Rae8 27. Bd3 Nf6 28. Rf2 Qb8 29. b3 e4 30. Bc2 Qxh2+ 31.
Kxh2 Nh5 32. Raf1 f4 33. Nd1 e3 34. Nxe3 fxe3 35. Rxf8 Rxf8 36. Re1 Rf2 37. Bd3 Nf4 38. Bf1 e2 39. Bxe2 Rxg2+ 40. Kh1 Rxe2 41. Rxe2 Nxe2 42.
Kg2 Nd4 43. Kg3 Nxb3 44. Kf4 Nd2 45. Ke5 b3 46. Kd6 b2 47. Kxd7 b1=Q 48. Kd6 Nxc4+ 49.
Kxc5 Ne5 50. d6 Qc2+ 51. Kd5 Qd2+ 52. Ke6 Nc4 53. Ke7 Qxd6+ 54. Ke8 Nb6 55. a5 Qf8# 0-1

[Event "Late-Titled-Tuesday-Blitz-February-27-2024"]
[Site "Chess.com"]
[Date "2024.02.27"]
[Round "1"]
[White "cassoulet"]
[Black "Peroncio"]
[Result "1-0"]
[WhiteElo "2772"]
[BlackElo "2432"]
[TimeControl "180+1"]
[EndTime "14:06:48 PST"]
[Termination "cassoulet won by resignation"]

1. d4 d5 2. Bf4 c5 3. e3 Nc6 4.
Nf3 Nf6 5. Nbd2 Bg4 6. c3 e6 7. Bd3 Bd6 8. Bg3 O-O 9. O-O Re8 10.
dxc5 Bxc5 11. e4 Bd6 12. Re1 Bxg3 13. hxg3 Qb6 14. Qc2 h6 15. exd5 Nxd5 16. Nc4 Qc7 17. Nfe5 Nxe5 18. Nxe5 Nf6 19. Qa4 Bf5 20. Bxf5 exf5 21.
Nf3 Ne4 22. Nd4 Qb6 23. Re2 g6 24. Rae1 Red8 25. g4 Nc5 26. Qc4 fxg4 27. Re7 Rf8 28. b4 Na4 29. Qb3 Qa6 30. Ne6 Nb6 31. Nc7 Qd3 32.
Nxa8 Nxa8 33. Re8 Nb6 34. R1e7 Qf5 35. c4 Rxe8 36. Rxe8+ Kg7 37. c5 Nd5 38. a3 Nf6 39. Qc3 Qf4 40. g3 Qf3 41. Qxf3 gxf3 42. Re7 Nd5 43. Rxb7 Kf6 44. c6 Ke6 45. Rxa7 1-0

[Event "Late-Titled-Tuesday-Blitz-February-27-2024"]
[Site "Chess.com"]
[Date "2024.02.27"]
[Round "1"]
[White "2346PL"]
[Black "Jospem"]
[Result "0-1"]
[WhiteElo "2521"]
[BlackElo "3084"]
[TimeControl "180+1"]
[EndTime "14:06:49 PST"]
[Termination "Jospem won by resignation"]

1. d4 Nf6 2. Bg5 e6 3. Nd2 Be7 4. Ngf3 b6 5. e4 Bb7 6. Bd3 d6 7. O-O Nbd7 8. Qe2 h6 9. Bh4 Nh5 10. Bxe7 Qxe7 11. Qe3 e5 12. c3 O-O 13. Rfe1 Rfe8 14.
dxe5 dxe5 15. Bc4 a6 16. Rad1 b5 17. Bd5 c6 18. Bb3 Nc5 19. Bc2 a5 20. b3 Nf4 21.
g3 Nh5 22. Nh4 Bc8 23. Nf5 Bxf5 24. exf5 Nf6 25. Ne4 Ncxe4 26. Bxe4 Rac8 27. Rd2 a4 28. Red1 axb3 29. axb3 Qa3 30. Bc2 e4 31. h3 Qe7 32.
c4 bxc4 33. bxc4 Rb8 34. Ba4 Rec8 35. g4 Qb4 36. Bc2 Qxc4 37. Bb1 Re8 38. Ba2 Qb4 39.
Qxe4 Qxe4 0-1

[Event "Late-Titled-Tuesday-Blitz-February-27-2024"]
[Site "Chess.com"]
[Date "2024.02.27"]
[Round "1"]
[White "CURRUTACO59"]
[Black "FernandoArauzAlonso"]
[Result "0-1"]
[WhiteElo "2249"]
[BlackElo "2602"]
[TimeControl "180+1"]
[EndTime "14:06:50 PST"]
[Termination "FernandoArauzAlonso won on time"]

1. Nf3 g6 2. d4 Bg7 3. c4 Nf6 4. g3 d6 5. Bg2 O-O 6. O-O Nbd7 7.
Nc3 e5 8. e4 exd4 9. Nxd4 Re8 10.
h3 Nc5 11. Re1 a5 12. Bf4 Nfd7 13. Qd2 Ne5 14. b3 Bd7 15. Be3 Ned3 16. Re2 Qf6 17. Rd1 c6 18. Kh2 Rad8 19. f4 Bc8 20. Bg1 h5 21.
Rf1 h4 22. g4 Qe7 23. Nf3 Nxf4 24. Qxf4 Be5 25. Nxe5 dxe5 26. Qe3 Rd3 27. Qxc5 Rxc3 28.
Qxe7 Rxe7 29. Rd1 a4 30. Rd8+ Kg7 31. Rxc8 axb3 32. axb3 Rxb3 33. Re3 b5 34. Rxb3 bxc4 35. Rc3 c5 36. Rxc4 Ra7 37. R4xc5 Ra2 38. Rxe5 f5 39. Re7+ Kf6 40. Ree8 Kg5 0-1

[Event "Late-Titled-Tuesday-Blitz-February-27-2024"]
[Site "Chess.com"]
[Date "2024.02.27"]
[Round "1"]
[White "Sargsyan_Shant"]
[Black "Ticoluis"]
[Result "1-0"]
[WhiteElo "2908"]
[BlackElo "2485"]
[TimeControl "180+1"]
[EndTime "14:06:51 PST"]
[Termination "Sargsyan_Shant won by resignation"]

1. c4 Nf6 2. Nc3 g6 3. e4 d6 4. d4 Bg7 5. Nge2 O-O 6. Ng3 c5 7. d5 e6 8. Bd3 exd5 9. cxd5 h5 10. Bg5 Nbd7 11. O-O a6 12. a4 Qb6 13. Qd2 Ne5 14. a5 Qc7 15. Be2 Nh7 16. Be3 h4 17. Nh1 h3 18. g3 f5 19. f4 Ng4 20. Bxg4 fxg4 21. Nf2 Qe7 22. Rae1 Bd7 23. Qd1 Rae8 24.
Qb3 Bc8 25. Qb6 Qf6 26. e5 Rxe5 27. Nce4 Rxe4 28. Nxe4 Qf5 29. Bf2 Nf6 30. Nc3 Qd3 31. Re3 Qd2 32. Rd1 Qc2 33. Re2 Qf5 34. Qxd6 c4 35. Qc5 Rd8 36. d6 Qd7 37. Qxc4+ Kh7 38.
Re7 Qf5 39. Qc7 Rd7 40. Qxc8 Nd5 41. Qxd7 1-0

[Event "Late-Titled-Tuesday-Blitz-February-27-2024"]
[Site "Chess.com"]
[Date "2024.02.27"]
[Round "1"]
[White "NateSolon"]
[Black "Cristi_Coca"]
[Result "1-0"]
[WhiteElo "2689"]
[BlackElo "2391"]
[TimeControl "180+1"]
[EndTime "14:06:51 PST"]
[Termination "NateSolon won by resignation"]

1. d4 Nf6 2. Bf4 g6 3. Nc3 Bg7 4. e4 d6 5. Qd2 O-O 6. O-O-O Nbd7 7. Nf3 c5 8. Bh6 cxd4 9. Nxd4 Qa5 10. f3 Ne5 11. h4 Be6 12. Nxe6 fxe6 13. Bxg7 Kxg7 14. f4 Neg4 15. Bc4 Qc5 16. Bxe6 Nf2 17. Na4 Qc6 18. Qxf2 Qxa4 19. e5 Nh5 20. exd6 exd6 21. g3 Rae8 22. Rxd6 Rxe6 23. Rxe6 Qxa2 24. Qd4+ Kg8 25. Rhe1 Nxg3 26.
Re8 Qa1+ 27. Kd2 Qa5+ 28. b4 Qf5 29. Rxf8+ Qxf8 30. Qd5+ Kg7 31. Qe5+ Kh6 32. Qg5+ 1-0

[Event "Late-Titled-Tuesday-Blitz-February-27-2024"]
[Site "Chess.com"]
[Date "2024.02.27"]
[Round "1"]
[White "Escudito"]
[Black "lukas_111111"]
[Result "0-1"]
[WhiteElo "2408"]
[BlackElo "2712"]
[TimeControl "180+1"]
[EndTime "14:06:52 PST"]
[Termination "lukas_111111 won by checkmate"]

1. d4 d6 2. c4 e5 3. dxe5 dxe5 4. Qxd8+ Kxd8 5. Nc3 Be6 6. e3 c6 7. b3 f6 8. Bb2 Nh6 9. h3 Nf7 10. O-O-O+ Nd7 11. Nge2 Kc7 12. Kb1 a5 13. a4 Nc5 14. Nc1 Be7 15.
f3 Nh6 16. g4 Nf7 17. Be2 h5 18. Ka2 Rh7 19. Nd3 Rah8 20. Nf2 Na6 21. Kb1 Bc5 22. Bd3 Rh6 23. Bc1 Nb4 24. Nce4 Ba7 25. Be2 Ng5 26. Nxg5 fxg5 27. Rdg1 Bf7 28. Bb2 Bg6+ 29. Ka1 Re8 30. Bc1 Nc2+ 31. Kb2 Nxe3 32. gxh5 Bd4+ 33. Ka2 Rxh5 34. f4 Rh6 35. fxg5 Rh4 36. Ng4 Nc2 37. Rd1 Nb4+ 38. Ka3 Reh8 39. Bb2 Nc2+ 40. Ka2 Nb4+ 41. Ka3 Rxh3 42. Rxh3 Rxh3 43. Bxd4 exd4 44. Bf1 Rg3 45. Ne5 Bc2 46. Rc1 Rxb3# 0-1

[Event "Late-Titled-Tuesday-Blitz-February-27-2024"]
[Site "Chess.com"]
[Date "2024.02.27"]
[Round "1"]
[White "ErikRonka"]
[Black "esteban062000"]
[Result "1-0"]
[WhiteElo "2548"]
[BlackElo "2136"]
[TimeControl "180+1"]
[EndTime "14:06:52 PST"]
[Termination "ErikRonka won by resignation"]

1. e4 c5 2. Nf3 Nc6 3. d4 cxd4 4. Nxd4 Nf6 5. Nc3 e5 6. Ndb5 d6 7. Bg5 a6 8. Na3 b5 9. Bxf6 gxf6 10. Nd5 Bg7 11. Bd3 O-O 12. Qh5 Ne7 13. O-O Ng6 14.
c3 Be6 15. Nc2 Bxd5 16. exd5 Re8 17. Be4 Rc8 18. Ne3 Qb6 19. Rad1 b4 20. c4 b3 21. a3 Rc7 22. Qf5 Rcc8 23. h4 Kf8 24. h5 Nf4 25.
Qxh7 Ne2+ 26. Kh1 Ng3+ 27. Kh2 Nxf1+ 28. Rxf1 Qd4 29. Nf5 Re7 30. Qxg7+ Ke8 31. Nxd4 exd4 32. Qg8+ Kd7 33. Bf5+ Kc7 34. Qxc8+ 1-0

[Event "Late-Titled-Tuesday-Blitz-February-27-2024"]
[Site "Chess.com"]
[Date "2024.02.27"]
[Round "1"]
[White "NMJeevanK"]
[Black "HeinichessPY"]
[Result "1-0"]
[WhiteElo "2593"]
[BlackElo "2229"]
[TimeControl "180+1"]
[EndTime "14:06:53 PST"]
[Termination "NMJeevanK won by checkmate"]

1. e4 c5 2. Nf3 Nc6 3. Nc3 g6 4. Bc4 Bg7 5. O-O e6 6. Re1 Nge7 7. a3 O-O 8. e5 d5 9. exd6 Nf5 10. Ne4 b6 11. d3 Nxd6 12. Bg5 f6 13. Bf4 Nxc4 14.
dxc4 e5 15. Bg3 Be6 16. Nd6 Nd4 17. Nxd4 Qxd6 18. Nxe6 Qxe6 19. Qd5 Qf7 20. Rad1 Rad8 21.
Qxd8 Rxd8 22. Rxd8+ Bf8 23. b3 Kg7 24. Red1 Be7 25. R8d7 Qe6 26. Rxa7 Kh6 27. Rdd7 Bd6 28. h4 Kh5 29. Rxh7+ Kg4 30. h5 e4 31. Bxd6 Qxd6 32.
hxg6 Qd1+ 33. Kh2 Qd6+ 34. g3 e3 35. g7 exf2 36. g8=Q+ Kf3 37. Qa8+ Ke2 38. Rae7+ Kf1 39. Qh1# 1-0

[Event "Late-Titled-Tuesday-Blitz-February-27-2024"]
[Site "Chess.com"]
[Date "2024.02.27"]
[Round "1"]
[White "Nick12772"]
[Black "gahryman"]
[Result "0-1"]
[WhiteElo "2392"]
[BlackElo "2690"]
[TimeControl "180+1"]
[EndTime "14:06:56 PST"]
[Termination "gahryman won by resignation"]

1. Nf3 d5 2. g3 Nf6 3. Bg2 c6 4.
O-O Bg4 5. d3 Nbd7 6. Nbd2 e5 7.
b3 Bc5 8. Bb2 Qe7 9. a3 a5 10.
h3 Bh5 11. Re1 e4 12. dxe4 dxe4 13. Nd4 e3 14. Nc4 exf2+ 15. Kxf2 O-O 16. g4 Bg6 17. e3 Ne4+ 18. Kg1 Ndf6 19. a4 Rad8 20. Qf3 h5 21. Nf5 Bxf5 22. Qxf5 hxg4 23. hxg4 Rd5 24. Qf4 Rfd8 25.
Bxf6 Nxf6 26. Bxd5 Nxd5 27. Qe5 Qh4 28. Qe4 Nf6 29. Qg2 Nxg4 30. Rad1 Re8 31. Rd3 Qxe1+ 0-1

[Event "Late-Titled-Tuesday-Blitz-February-27-2024"]
[Site "Chess.com"]
[Date "2024.02.27"]
[Round "1"]
[White "Vigg-Sama"]
[Black "Ar4uha"]
[Result "0-1"]
[WhiteElo "2224"]
[BlackElo "2590"]
[TimeControl "180+1"]
[EndTime "14:06:56 PST"]
[Termination "Ar4uha won by resignation"]

1. c4 e6 2. g3 Nf6 3. Bg2 d5 4.
Nf3 dxc4 5. Qa4+ Nbd7 6. Qxc4 c5 7. d3 b6 8. O-O Bb7 9. Bf4 Rc8 10. Nc3 a6 11. a4 Be7 12. Rad1 O-O 13. Rfe1 Nd5 14. Bd2 Bf6 15. e4 Nb4 16. Na2 b5 17. axb5 axb5 18. Qb3 Nxa2 19. Qxa2 Ne5 20. Nxe5 Bxe5 21. Bc3 Qf6 22.
Qb3 b4 23. Bxe5 Qxe5 24. Qc4 Qxb2 25. Rb1 Qe5 26. f4 Qc7 27. Rec1 Rfd8 28. d4 Rxd4 29. Qxd4 cxd4 30. Rxc7 Rxc7 31. Rxb4 Kf8 32. Rxd4 Ke7 33.
e5 Rc1+ 34. Kf2 Rc2+ 35. Ke1 Rxg2 0-1